Icehogs vs Wolves

Created - December 23, 2022 at 19:54

Goals
1 2 3 T
Icehogs 0 2 2 4
Wolves 0 0 2 2
Shots
1 2 3 T
Icehogs 14 13 12 39
Wolves 13 6 18 37

1st period

No Goal

Penalties :
Myles Bell (Roc) for Slashing (Minor) at 10:16

2nd period

1. Icehogs , Andrew Mangiapane 13 (Duncan Siemens 4, Frederik Gauthier 32) at 1:01 (PP)
2. Icehogs , Curtis Lazar 11 (Nick Mattson 8, Mike Reilly 18) at 9:36 (PP)

Penalties :
Jesper Boqvist (Chi) for Hooking (Minor) at 0:46, Patrick Sieloff (Roc) for Roughing (Minor) at 5:14, Jalen Chatfield (Chi) for Roughing (Double Minor) at 9:03

3rd period

3. Icehogs , Tanner Richard 12 (Mikhail Grigorenko 17, Duncan Siemens 5) at 4:30 (PP)
4. Wolves , Jake Evans 12 (Jakub Zboril 13) at 11:56
5. Wolves , Antti Suomela 9 (Thomas Spelling 12, Eric Robinson 5) at 14:58
6. Icehogs , Frederik Gauthier 12 (Andrew Mangiapane 10, Mike Amadio 20) at 19:46 (Empty Net)

Penalties :
Jake Evans (Chi) for Tripping (Minor) at 3:29, Thomas Spelling (Chi) for Roughing (Minor) at 6:15

Goalie Stats

Mark Visentin (Roc), 35 saves from 37 shots - (0.946), W, 12-6-1, 60:00 minutes
Ebbe Siönäs (Chi), 35 saves from 38 shots - (0.921), L, 6-8-3, 59:00 minutes

Players Stats for Icehogs

Player Name              G  A  P  +/- PIM S  H  SB GA TA FO     MP     PP MP  PK MP  
------------------------------------------------------------------------------------
Andrew Mangiapane        1  1  2   1  0   5  3  0  0  1  4/5    23:01   3:32   1:36 
Andrew Poturalski        0  0  0   0  0   0  0  0  0  0  0/0     1:25   0:00   0:48 
Calle Andersson          0  0  0  -1  0   1  0  0  0  0  0/0    12:01   0:00   0:40 
Curtis Lazar             1  0  1   0  0   1  0  0  0  1  1/1    14:52   2:15   0:00 
Dillon Dube              0  0  0   0  0   2  0  0  0  0  3/5     8:00   0:00   0:00 
Duncan Siemens           0  2  2  -1  0   0  1  1  0  0  0/0    20:41   2:07   1:41 
Frederik Gauthier        1  1  2   1  0   6  1  0  0  1  17/31  23:40   3:32   2:03 
Jeremy Davies            0  0  0  -1  0   2  0  0  0  0  0/0    11:21   0:00   0:00 
Kevin Fiala              0  0  0  -2  0   1  1  1  0  1  0/0    10:56   0:00   0:00 
Kurtis Gabriel           0  0  0   0  0   0  0  0  0  0  0/0     0:00   0:00   0:00 
Mattias Janmark          0  0  0   0  0   0  0  0  0  0  0/0     0:56   0:00   0:19 
Michael Chaput           0  0  0  -2  0   5  1  0  1  0  5/9    11:14   0:00   0:18 
Mike Amadio              0  1  1   1  0   4  0  0  1  1  0/0    23:40   3:32   2:03 
Mike Reilly              0  1  1   1  0   1  2  2  2  1  0/0    25:49   3:40   2:17 
Mikhail Grigorenko       0  1  1   0  0   1  0  1  0  1  2/2    14:52   2:15   0:00 
Myles Bell               0  0  0   0  2   1  0  0  1  0  0/0     8:11   0:00   0:00 
Nick Mattson             0  1  1   1  0   0  5  0  1  1  0/0    27:58   3:40   2:17 
Nick Paul                0  0  0  -2  0   3  0  0  0  0  0/0    10:56   0:00   0:00 
Nikita Scherbak          0  0  0   0  0   1  0  0  0  0  0/0     8:00   0:00   0:00 
Patrick Russell          0  0  0   0  0   0  0  0  0  0  0/0     0:00   0:00   0:00 
Patrick Sieloff          0  0  0  -1  2   0  1  2  0  0  0/0    19:43   2:07   0:44 
Ross Johnston            0  0  0   0  0   0  0  0  0  0  0/0     0:00   0:00   0:00 
Tanner Richard           1  0  1   0  0   5  2  2  2  1  6/16   15:41   2:15   0:49 
Zach Whitecloud          0  0  0   0  0   0  0  0  0  0  0/0     3:03   0:00   0:17 

Players Stats for Wolves

Player Name              G  A  P  +/- PIM S  H  SB GA TA FO     MP     PP MP  PK MP  
------------------------------------------------------------------------------------
Antti Suomela            1  0  1   0  0   6  2  0  1  0  19/37  22:47   2:08   3:34 
Dylan Coghlan            0  0  0   0  0   0  0  1  1  0  0/0    12:33   1:53   0:51 
Eric Robinson            0  1  1   0  0   1  3  0  0  0  1/2    23:12   2:08   3:36 
Fredrik Olofsson         0  0  0   0  0   3  1  0  1  1  0/0    11:19   0:00   0:55 
Hayden Hodgson           0  0  0   1  0   0  1  0  0  0  0/0    17:53   1:50   1:41 
Jack Ahcan               0  0  0   0  0   0  0  1  0  0  0/0     4:12   0:00   0:00 
Jake Evans               1  0  1   1  2   7  3  0  1  1  6/14   16:36   1:50   0:48 
Jakub Zboril             0  1  1  -1  0   1  3  2  0  2  0/0    26:09   2:05   3:40 
Jalen Chatfield          0  0  0  -1  4   0  2  2  0  2  0/0    28:39   2:05   1:59 
Jesper Boqvist           0  0  0   0  2   3  1  0  0  0  4/11   11:23   0:00   1:00 
Joona Koppanen           0  0  0   0  0   0  0  0  0  0  0/0     0:00   0:00   0:00 
Kieffer Bellows          0  0  0   0  0   1  0  0  1  0  0/0     8:24   0:00   0:00 
Kyle Capobianco          0  0  0   2  0   0  1  3  0  0  0/0    12:13   0:00   0:50 
Liam O'Brien             0  0  0   0  0   0  0  0  1  0  0/3     8:24   0:00   0:00 
Maksim Sushko            0  0  0   0  0   0  0  0  0  0  0/0    10:12   0:00   0:00 
Matthew Kiersted         0  0  0   2  0   1  1  1  0  0  0/0    16:51   0:00   2:07 
Parker Kelly             0  0  0   0  0   0  0  0  0  0  0/0     0:00   0:00   0:00 
Samuel Girard            0  0  0   0  0   3  1  2  1  1  0/0    19:45   1:53   2:07 
Sasha Chmelevski         0  0  0   0  0   0  0  0  0  0  0/0     0:00   0:00   0:00 
Stelio Mattheos          0  0  0   0  0   0  1  0  0  0  0/0     8:24   0:00   0:00 
Thomas Spelling          0  1  1   0  2   7  1  0  1  0  1/2    19:24   2:08   0:00 
Wade Allison             0  0  0   1  0   4  0  0  1  1  0/0    15:49   1:50   0:00 

3 Stars

1 - Andrew Mangiapane (Roc)
2 - Frederik Gauthier (Roc)
3 - Mark Visentin (Roc)

Power Play

Icehogs - 3 on 5 Attempt(s) - 60.00%
Wolves - 0 on 2 Attempt(s) - 0.00%

Penalty Kill

Icehogs - 2 on 2 Attempt(s) - 100.00% - Score 0 goal in Penalty Kill
Wolves - 2 on 5 Attempt(s) - 40.00% - Score 0 goal in Penalty Kill

Team Stat

Icehogs - Hits : 17 - Faceoff Wins : 38 - Blocked Shots : 9 - Penalty Minutes : 4
Wolves - Hits : 21 - Faceoff Wins : 31 - Blocked Shots : 12 - Penalty Minutes : 10

Official

Referees : Justin St. Pierre and Mitch Dunning
Linesman : Michel Cormier and David Brisebois

Game Notes

Dylan Coghlan is injured at 17:29 of 2nd period (Sprained Right Knee)
Frederik Gauthier has scored in a empty net!

Finance

Level 1 -- Attendance: 1731 (86.55%) -- Ticket Income $60,585
Level 2 -- Attendance: 859 (85.90%) -- Ticket Income $12,885
Total Attendance: 2590 (86.33%)
Total Ticket Income: $73,470
Other Income: $3,674
Total Income: $77,144

Icehogs

5 vs 5 Forward 
   Center                   Left Wing                Right Wing               Time % Phy DF OF 
 1 Frederik Gauthier        Andrew Mangiapane        Mike Amadio              40     1   2  2  
 2 Tanner Richard           Mikhail Grigorenko       Curtis Lazar             30     1   2  2  
 3 Michael Chaput           Nick Paul                Kevin Fiala              20     1   2  2  
 4 Dillon Dube              Myles Bell               Nikita Scherbak          10     1   2  2  

5 vs 5 Defense 
   Defense                  Defense                                           Time % Phy DF OF 
 1 Nick Mattson             Mike Reilly                                       40     1   2  2  
 2 Patrick Sieloff          Duncan Siemens                                    30     1   2  2  
 3 Jeremy Davies            Calle Andersson                                   20     1   2  2  
 4 Zach Whitecloud          Nick Mattson                                      10     1   2  2  

PowerPlay Forward 
   Center                   Left Wing                Right Wing               Time % Phy DF OF 
 1 Frederik Gauthier        Andrew Mangiapane        Mike Amadio              60     1   2  2  
 2 Tanner Richard           Mikhail Grigorenko       Curtis Lazar             40     1   2  2  

PowerPlay Defense
   Defense                  Defense                                           Time % Phy DF OF 
 1 Nick Mattson             Mike Reilly                                       60     1   2  2  
 2 Patrick Sieloff          Duncan Siemens                                    40     1   2  2  

Penalty Kill 4 Players Forward 
   Center                   Wing                     Time % Phy DF OF 
 1 Frederik Gauthier        Mike Amadio              60     1   2  2  
 2 Tanner Richard           Andrew Mangiapane        40     1   2  2  

Penalty Kill 4 Players Defense
   Defense                  Defense                  Time % Phy DF OF 
 1 Nick Mattson             Mike Reilly              60     1   2  2  
 2 Patrick Sieloff          Duncan Siemens           40     1   2  2  

Penalty Kill - 3 Players Forward 
   Forward                                           Time % Phy DF OF 
 1 Frederik Gauthier                                 60     1   2  2  
 2 Mike Amadio                                       40     1   2  2  

Penalty Kill - 3 Players Defense
   Defense                  Defense                  Time % Phy DF OF 
 1 Nick Mattson             Mike Reilly              60     1   2  2  
 2 Patrick Sieloff          Duncan Siemens           40     1   2  2  

4 vs 4 Forward 
   Center                   Wing                     Time % Phy DF OF 
 1 Frederik Gauthier        Mike Amadio              60     1   2  2  
 2 Tanner Richard           Andrew Mangiapane        40     1   2  2  

4 vs 4 Defense
   Defense                  Defense                  Time % Phy DF OF 
 1 Nick Mattson             Mike Reilly              60     1   2  2  
 2 Patrick Sieloff          Duncan Siemens           40     1   2  2  

Last Minutes Offensive
   Center                   Left Wing                Right Wing               Defense                  Defense                  
   Frederik Gauthier        Andrew Mangiapane        Mike Amadio              Nick Mattson             Mike Reilly              

Last Minutes Defensive
   Center                   Left Wing                Right Wing               Defense                  Defense                  
   Frederik Gauthier        Andrew Mangiapane        Mike Amadio              Nick Mattson             Mike Reilly              

Goaltenders
Starting : Mark Visentin            
Backup : Mackenzie Blackwood      

Extra Forwards
Normal : Mattias Janmark, Kurtis Gabriel, Andrew Poturalski - PP : Mattias Janmark, Kurtis Gabriel - PK : Andrew Poturalski
Extra Defensemen
Normal : Jeremy Davies, Calle Andersson, Zach Whitecloud - PP : Jeremy Davies - PK : Calle Andersson, Zach Whitecloud
Penalty Shots
Frederik Gauthier, Mike Amadio, Tanner Richard, Andrew Mangiapane, Curtis Lazar

Scratches
Clark Bishop (Healthy), Kristian Reichel (Healthy), JJ. Piccinich (Healthy), Julius Honka (Sprained Right Ankle Injury), Jackson Cates (Healthy)
Mitchell Chaffee (Healthy), Michael Giugovaz (Healthy), Jack LaFontaine (Healthy)

Wolves

5 vs 5 Forward 
   Center                   Left Wing                Right Wing               Time % Phy DF OF 
 1 Antti Suomela            Eric Robinson            Thomas Spelling          40     1   2  2  
 2 Jake Evans               Hayden Hodgson           Wade Allison             30     1   2  2  
 3 Jesper Boqvist           Fredrik Olofsson         Maksim Sushko            20     1   2  2  
 4 Liam O'Brien             Kieffer Bellows          Stelio Mattheos          10     1   2  2  

5 vs 5 Defense 
   Defense                  Defense                                           Time % Phy DF OF 
 1 Jalen Chatfield          Jakub Zboril                                      40     1   2  2  
 2 Samuel Girard            Dylan Coghlan                                     30     1   2  2  
 3 Matthew Kiersted         Kyle Capobianco                                   20     1   2  2  
 4 Jack Ahcan               Jalen Chatfield                                   10     1   2  2  

PowerPlay Forward 
   Center                   Left Wing                Right Wing               Time % Phy DF OF 
 1 Antti Suomela            Eric Robinson            Thomas Spelling          60     1   2  2  
 2 Jake Evans               Hayden Hodgson           Wade Allison             40     1   2  2  

PowerPlay Defense
   Defense                  Defense                                           Time % Phy DF OF 
 1 Jalen Chatfield          Jakub Zboril                                      60     1   2  2  
 2 Samuel Girard            Dylan Coghlan                                     40     1   2  2  

Penalty Kill 4 Players Forward 
   Center                   Wing                     Time % Phy DF OF 
 1 Antti Suomela            Eric Robinson            60     1   2  2  
 2 Jake Evans               Hayden Hodgson           40     1   2  2  

Penalty Kill 4 Players Defense
   Defense                  Defense                  Time % Phy DF OF 
 1 Jalen Chatfield          Jakub Zboril             60     1   2  2  
 2 Samuel Girard            Dylan Coghlan            40     1   2  2  

Penalty Kill - 3 Players Forward 
   Forward                                           Time % Phy DF OF 
 1 Antti Suomela                                     60     1   2  2  
 2 Jake Evans                                        40     1   2  2  

Penalty Kill - 3 Players Defense
   Defense                  Defense                  Time % Phy DF OF 
 1 Jalen Chatfield          Jakub Zboril             60     1   2  2  
 2 Samuel Girard            Dylan Coghlan            40     1   2  2  

4 vs 4 Forward 
   Center                   Wing                     Time % Phy DF OF 
 1 Antti Suomela            Eric Robinson            60     1   2  2  
 2 Jake Evans               Hayden Hodgson           40     1   2  2  

4 vs 4 Defense
   Defense                  Defense                  Time % Phy DF OF 
 1 Jalen Chatfield          Jakub Zboril             60     1   2  2  
 2 Samuel Girard            Dylan Coghlan            40     1   2  2  

Last Minutes Offensive
   Center                   Left Wing                Right Wing               Defense                  Defense                  
   Antti Suomela            Eric Robinson            Thomas Spelling          Jalen Chatfield          Jakub Zboril             

Last Minutes Defensive
   Center                   Left Wing                Right Wing               Defense                  Defense                  
   Antti Suomela            Eric Robinson            Thomas Spelling          Jalen Chatfield          Jakub Zboril             

Goaltenders
Starting : Ebbe Siönäs              
Backup : Ukko-Pekka Luukkonen     

Extra Forwards
Normal : Hayden Hodgson, Fredrik Olofsson, Wade Allison - PP : Hayden Hodgson, Fredrik Olofsson - PK : Hayden Hodgson
Extra Defensemen
Normal : Matthew Kiersted, Kyle Capobianco, Jack Ahcan - PP : Matthew Kiersted - PK : Matthew Kiersted, Kyle Capobianco
Penalty Shots
Thomas Spelling, Antti Suomela, Jake Evans, Eric Robinson, Hayden Hodgson

Scratches
None


% Time on Ice - Icehogs

Lines # - Real PCT - Wanted PCT - Time Play
Normal Forward
1 - 37% - 40% - 18:16
2 - 25% - 30% - 12:37
3 - 22% - 20% - 10:56
4 - 16% - 10% - 8:00
Normal Defense
1 - 39% - 40% - 19:26
2 - 34% - 30% - 16:53
3 - 23% - 20% - 11:21
4 - 4% - 10% - 2:09
PP Forward
1 - 61% - 60% - 3:32
2 - 39% - 40% - 2:15
PP Defense
1 - 63% - 60% - 3:40
2 - 37% - 40% - 2:07
PK Forward
1 - 79% - 60% - 3:09
2 - 21% - 40% - 0:49
PK Defense
1 - 58% - 60% - 2:17
2 - 42% - 40% - 1:41
PK3 Forward
1 - 0% - 60%
2 - 0% - 40%
PK3 Defense
1 - 0% - 60%
2 - 0% - 40%
44 Forward
1 - 0% - 60%
2 - 0% - 40%
44 Defense
1 - 0% - 60%
2 - 0% - 40%
Last Minute Offensive  - 0:00
Last Minute Defensive  - 0:26
Total
Forward - 60:00
Defense - 60:00

% Time on Ice - Wolves

Lines # - Real PCT - Wanted PCT - Time Play
Normal Forward
1 - 34% - 40% - 16:59
2 - 28% - 30% - 13:59
3 - 21% - 20% - 10:12
4 - 17% - 10% - 8:24
Normal Defense
1 - 40% - 40% - 19:43
2 - 32% - 30% - 15:45
3 - 20% - 20% - 9:54
4 - 8% - 10% - 4:12
PP Forward
1 - 54% - 60% - 2:08
2 - 46% - 40% - 1:50
PP Defense
1 - 53% - 60% - 2:05
2 - 47% - 40% - 1:53
PK Forward
1 - 78% - 60% - 4:31
2 - 22% - 40% - 1:16
PK Defense
1 - 63% - 60% - 3:40
2 - 37% - 40% - 2:07
PK3 Forward
1 - 0% - 60%
2 - 0% - 40%
PK3 Defense
1 - 0% - 60%
2 - 0% - 40%
44 Forward
1 - 0% - 60%
2 - 0% - 40%
44 Defense
1 - 0% - 60%
2 - 0% - 40%
Last Minute Offensive  - 0:41
Last Minute Defensive  - 0:00
Total
Forward - 60:00
Defense - 60:00

Play-by-Play

1st period


0:01 of 1st period - Thomas Spelling wins face-off versus Frederik Gauthier in neutral zone.
0:08 of 1st period - Wrist shot by Antti Suomela.
0:08 of 1st period - Stopped by Mark Visentin with a rebound.
0:33 of 1st period - Wrist shot by Jake Evans.
0:33 of 1st period - Stopped by Mark Visentin with a rebound.
1:29 of 1st period - Snap shot by Jesper Boqvist.
1:29 of 1st period - Stopped by Mark Visentin without a rebound.
1:30 of 1st period - Antti Suomela wins face-off versus Frederik Gauthier in Icehogs zone.
1:31 of 1st period - Wrist shot by Thomas Spelling.
1:31 of 1st period - Shot Misses the Net.
1:37 of 1st period - Wrist shot by Frederik Gauthier.
1:37 of 1st period - Deflect By Andrew Mangiapane.
1:37 of 1st period - Shot Misses the Net.
1:37 of 1st period - Puck is out of play.
1:38 of 1st period - Jake Evans wins face-off versus Tanner Richard in Wolves zone.
1:45 of 1st period - Snap shot by Wade Allison.
1:45 of 1st period - Shot Blocked by Mikhail Grigorenko.
1:51 of 1st period - Wrist shot by Jake Evans.
1:51 of 1st period - Stopped by Mark Visentin with a rebound.
2:07 of 1st period - Dylan Coghlan is hit by Andrew Mangiapane and loses puck.
2:28 of 1st period - Snap shot by Michael Chaput.
2:28 of 1st period - Stopped by Ebbe Siönäs without a rebound.
2:29 of 1st period - Jake Evans wins face-off versus Michael Chaput in Wolves zone.
2:36 of 1st period - Wrist shot by Michael Chaput.
2:36 of 1st period - Shot Misses the Net.
2:38 of 1st period - Slapshot by Calle Andersson.
2:38 of 1st period - Shot Blocked by Kyle Capobianco.
2:40 of 1st period - Wrist shot by Kevin Fiala.
2:40 of 1st period - Shot Misses the Net.
2:46 of 1st period - Snap shot by Michael Chaput.
2:46 of 1st period - Shot Misses the Net.
2:48 of 1st period - Wrist shot by Nick Paul.
2:48 of 1st period - Stopped by Ebbe Siönäs with a rebound.
2:50 of 1st period - Wrist shot by Michael Chaput.
2:50 of 1st period - Stopped by Ebbe Siönäs with a rebound.
3:38 of 1st period - Snap shot by Kevin Fiala.
3:38 of 1st period - Shot Blocked by Jack Ahcan.
3:52 of 1st period - Snap shot by Kevin Fiala.
3:52 of 1st period - Stopped by Ebbe Siönäs with a rebound.
4:06 of 1st period - Snap shot by Thomas Spelling.
4:06 of 1st period - Stopped by Mark Visentin with a rebound.
4:08 of 1st period - Slapshot by Jack Ahcan.
4:08 of 1st period - Shot Blocked by Patrick Sieloff.
4:10 of 1st period - Snap shot by Antti Suomela.
4:10 of 1st period - Shot Blocked by Kevin Fiala.
4:18 of 1st period - Wrist shot by Thomas Spelling.
4:18 of 1st period - Stopped by Mark Visentin with a rebound.
4:34 of 1st period - Wrist shot by Antti Suomela.
4:34 of 1st period - Stopped by Mark Visentin without a rebound.
4:35 of 1st period - Frederik Gauthier wins face-off versus Jake Evans in Icehogs zone.
5:00 of 1st period - Fredrik Olofsson is hit by Tanner Richard and loses puck.
5:05 of 1st period - Wrist shot by Tanner Richard.
5:05 of 1st period - Stopped by Ebbe Siönäs with a rebound.
6:01 of 1st period - Matthew Kiersted is hit by Nick Mattson and loses puck.
6:21 of 1st period - Nikita Scherbak is hit by Matthew Kiersted and loses puck.
6:56 of 1st period - Off-side.
6:57 of 1st period - Jake Evans wins face-off versus Frederik Gauthier in neutral zone.
7:20 of 1st period - Wrist shot by Myles Bell.
7:20 of 1st period - Stopped by Ebbe Siönäs with a rebound.
7:26 of 1st period - Wrist shot by Dillon Dube.
7:26 of 1st period - Stopped by Ebbe Siönäs with a rebound.
7:28 of 1st period - Wrist shot by Jeremy Davies.
7:28 of 1st period - Deflect By Stelio Mattheos.
7:28 of 1st period - Stopped by Ebbe Siönäs without a rebound.
7:29 of 1st period - Frederik Gauthier wins face-off versus Antti Suomela in Wolves zone.
7:34 of 1st period - Wrist shot by Frederik Gauthier.
7:34 of 1st period - Stopped by Ebbe Siönäs without a rebound.
7:35 of 1st period - Frederik Gauthier wins face-off versus Antti Suomela in Wolves zone.
7:42 of 1st period - Slapshot by Mike Amadio.
7:42 of 1st period - Stopped by Ebbe Siönäs with a rebound.
8:01 of 1st period - Snap shot by Eric Robinson.
8:01 of 1st period - Stopped by Mark Visentin without a rebound.
8:02 of 1st period - Tanner Richard wins face-off versus Jake Evans in Icehogs zone.
8:17 of 1st period - Snap shot by Jake Evans.
8:17 of 1st period - Shot Blocked by Tanner Richard.
9:32 of 1st period - Slapshot by Jake Evans.
9:32 of 1st period - Shot Hit the Post.
9:50 of 1st period - Mike Amadio is hit by Eric Robinson and loses puck.
10:13 of 1st period - Off-side.
10:14 of 1st period - Dillon Dube wins face-off versus Jesper Boqvist in neutral zone.
10:16 of 1st period - Minor Penalty to Myles Bell for Slashing.
10:17 of 1st period - Frederik Gauthier wins face-off versus Antti Suomela in Icehogs zone.
10:17 of 1st period - Frederik Gauthier is hit by Eric Robinson.
10:58 of 1st period - Wrist shot by Wade Allison.
10:58 of 1st period - Shot Blocked by Mike Reilly.
12:16 of 1st period - Penalty to Myles Bell is over, Myles Bell is back on ice.
12:27 of 1st period - Icing by Samuel Girard.
12:28 of 1st period - Antti Suomela wins face-off versus Tanner Richard in Wolves zone.
13:03 of 1st period - Slapshot by Jeremy Davies.
13:03 of 1st period - Shot Misses the Net.
13:41 of 1st period - Snap shot by Kieffer Bellows.
13:41 of 1st period - Stopped by Mark Visentin without a rebound.
13:42 of 1st period - Frederik Gauthier wins face-off versus Jesper Boqvist in Icehogs zone.
14:36 of 1st period - Snap shot by Wade Allison.
14:36 of 1st period - Stopped by Mark Visentin without a rebound.
14:37 of 1st period - Frederik Gauthier wins face-off versus Jake Evans in Icehogs zone.
14:48 of 1st period - Slapshot by Frederik Gauthier.
14:48 of 1st period - Stopped by Ebbe Siönäs with a rebound.
15:11 of 1st period - Snap shot by Thomas Spelling.
15:11 of 1st period - Shot Misses the Net.
15:13 of 1st period - Snap shot by Antti Suomela.
15:13 of 1st period - Stopped by Mark Visentin without a rebound.
15:14 of 1st period - Frederik Gauthier wins face-off versus Antti Suomela in Icehogs zone.
15:49 of 1st period - Slapshot by Mikhail Grigorenko.
15:49 of 1st period - Shot Misses the Net.
15:51 of 1st period - Snap shot by Tanner Richard.
15:51 of 1st period - Stopped by Ebbe Siönäs with a rebound.
15:53 of 1st period - Snap shot by Curtis Lazar.
15:53 of 1st period - Shot Misses the Net.
16:09 of 1st period - Snap shot by Wade Allison.
16:09 of 1st period - Stopped by Mark Visentin with a rebound.
16:15 of 1st period - Wrist shot by Wade Allison.
16:15 of 1st period - Deflect By Jake Evans.
16:15 of 1st period - Shot Misses the Net.
16:15 of 1st period - Puck is out of play.
16:16 of 1st period - Frederik Gauthier wins face-off versus Antti Suomela in Icehogs zone.
16:31 of 1st period - Backhand shot by Thomas Spelling.
16:31 of 1st period - Deflect By Antti Suomela.
16:31 of 1st period - Stopped by Mark Visentin without a rebound.
16:32 of 1st period - Jesper Boqvist wins face-off versus Tanner Richard in Icehogs zone.
16:58 of 1st period - Nick Mattson is hit by Eric Robinson and loses puck.
18:16 of 1st period - Slapshot by Jakub Zboril.
18:16 of 1st period - Shot Misses the Net.
18:50 of 1st period - Wrist shot by Mike Amadio.
18:50 of 1st period - Shot Misses the Net.
19:08 of 1st period - Jalen Chatfield is hit by Andrew Mangiapane and loses puck.
19:15 of 1st period - Snap shot by Mike Amadio.
19:15 of 1st period - Stopped by Ebbe Siönäs with a rebound.
19:39 of 1st period - Wrist shot by Andrew Mangiapane.
19:39 of 1st period - Shot Blocked by Jalen Chatfield.
19:41 of 1st period - Slapshot by Mike Amadio.
19:41 of 1st period - Stopped by Ebbe Siönäs with a rebound.
19:55 of 1st period - Wrist shot by Frederik Gauthier.
19:55 of 1st period - Shot Blocked by Jakub Zboril.
19:57 of 1st period - Snap shot by Duncan Siemens.
19:57 of 1st period - Shot Blocked by Jalen Chatfield.
19:59 of 1st period - Slapshot by Frederik Gauthier.
19:59 of 1st period - Shot Misses the Net.
Goals for this period are 0 for Icehogs vs 0 for Wolves.
Shots for this period are 14 for Icehogs vs 13 for Wolves.

2nd period


0:01 of 2nd period - Antti Suomela wins face-off versus Tanner Richard in neutral zone.
0:12 of 2nd period - Snap shot by Antti Suomela.
0:12 of 2nd period - Shot Misses the Net.
0:14 of 2nd period - Snap shot by Eric Robinson.
0:14 of 2nd period - Shot Blocked by Tanner Richard.
0:16 of 2nd period - Snap shot by Antti Suomela.
0:16 of 2nd period - Shot Misses the Net.
0:35 of 2nd period - Snap shot by Jake Evans.
0:35 of 2nd period - Stopped by Mark Visentin with a rebound.
0:46 of 2nd period - Minor Penalty to Jesper Boqvist for Hooking.
0:47 of 2nd period - Antti Suomela wins face-off versus Frederik Gauthier in Wolves zone.
0:59 of 2nd period - Slapshot by Frederik Gauthier.
0:59 of 2nd period - Stopped by Ebbe Siönäs with a rebound.
1:01 of 2nd period - Slapshot by Duncan Siemens.
1:01 of 2nd period - Deflect By Andrew Mangiapane.
1:01 of 2nd period - Goal by Andrew Mangiapane - Icehogs : 1 - Wolves : 0.
1:02 of 2nd period - Antti Suomela wins face-off versus Tanner Richard in neutral zone.
1:28 of 2nd period - Dylan Coghlan is hit by Frederik Gauthier.
1:39 of 2nd period - Snap shot by Jake Evans.
1:39 of 2nd period - Deflect By Wade Allison.
1:39 of 2nd period - Stopped by Mark Visentin without a rebound.
1:40 of 2nd period - Antti Suomela wins face-off versus Tanner Richard in Icehogs zone.
2:12 of 2nd period - Slapshot by Fredrik Olofsson.
2:12 of 2nd period - Stopped by Mark Visentin without a rebound.
2:13 of 2nd period - Jesper Boqvist wins face-off versus Frederik Gauthier in Icehogs zone.
2:40 of 2nd period - Fredrik Olofsson is hit by Nick Mattson and loses puck.
2:45 of 2nd period - Snap shot by Nikita Scherbak.
2:45 of 2nd period - Deflect By Myles Bell.
2:45 of 2nd period - Shot Blocked by Kyle Capobianco.
2:45 of 2nd period - Puck is out of play.
2:46 of 2nd period - Dillon Dube wins face-off versus Antti Suomela in Wolves zone.
3:11 of 2nd period - Snap shot by Myles Bell.
3:11 of 2nd period - Shot Misses the Net.
3:18 of 2nd period - Icing by Jake Evans.
3:19 of 2nd period - Jake Evans wins face-off versus Tanner Richard in Wolves zone.
3:23 of 2nd period - Off-side.
3:24 of 2nd period - Mikhail Grigorenko wins face-off versus Antti Suomela in neutral zone.
3:27 of 2nd period - Wrist shot by Tanner Richard.
3:27 of 2nd period - Stopped by Ebbe Siönäs without a rebound.
3:28 of 2nd period - Tanner Richard wins face-off versus Antti Suomela in Wolves zone.
3:53 of 2nd period - Snap shot by Fredrik Olofsson.
3:53 of 2nd period - Stopped by Mark Visentin without a rebound.
3:54 of 2nd period - Frederik Gauthier wins face-off versus Jesper Boqvist in Icehogs zone.
4:19 of 2nd period - Jalen Chatfield is hit by Kevin Fiala.
4:46 of 2nd period - Wade Allison is hit by Tanner Richard and loses puck.
5:14 of 2nd period - Minor Penalty to Patrick Sieloff for Roughing.
5:15 of 2nd period - Frederik Gauthier wins face-off versus Antti Suomela in Icehogs zone.
7:14 of 2nd period - Penalty to Patrick Sieloff is over, Patrick Sieloff is back on ice.
7:18 of 2nd period - Zach Whitecloud is hit by Samuel Girard and loses puck.
7:27 of 2nd period - Fredrik Olofsson is hit by Patrick Sieloff and loses puck.
7:48 of 2nd period - Slapshot by Patrick Sieloff.
7:48 of 2nd period - Shot Misses the Net.
7:50 of 2nd period - Slapshot by Duncan Siemens.
7:50 of 2nd period - Deflect By Patrick Sieloff.
7:50 of 2nd period - Shot Misses the Net.
7:50 of 2nd period - Puck is out of play.
7:51 of 2nd period - Tanner Richard wins face-off versus Liam O'Brien in Wolves zone.
8:04 of 2nd period - Slapshot by Jakub Zboril.
8:04 of 2nd period - Shot Blocked by Mike Reilly.
8:20 of 2nd period - Icing by Jakub Zboril.
8:21 of 2nd period - Frederik Gauthier wins face-off versus Jesper Boqvist in Wolves zone.
8:30 of 2nd period - Snap shot by Andrew Mangiapane.
8:30 of 2nd period - Stopped by Ebbe Siönäs with a rebound.
8:32 of 2nd period - Snap shot by Frederik Gauthier.
8:32 of 2nd period - Shot Blocked by Kyle Capobianco.
8:34 of 2nd period - Snap shot by Frederik Gauthier.
8:34 of 2nd period - Stopped by Ebbe Siönäs without a rebound.
8:35 of 2nd period - Eric Robinson wins face-off versus Frederik Gauthier in Wolves zone.
8:35 of 2nd period - Eric Robinson is hit by Nick Mattson.
8:41 of 2nd period - Backhand shot by Thomas Spelling.
8:41 of 2nd period - Stopped by Mark Visentin with a rebound.
9:03 of 2nd period - Double Minor Penalty to Jalen Chatfield for Roughing.
9:04 of 2nd period - Antti Suomela wins face-off versus Frederik Gauthier in Wolves zone.
9:15 of 2nd period - Andrew Mangiapane is hit by Jakub Zboril and loses puck.
9:34 of 2nd period - Wrist shot by Mike Reilly.
9:34 of 2nd period - Shot Blocked by Jakub Zboril.
9:36 of 2nd period - Slapshot by Nick Mattson.
9:36 of 2nd period - Deflect By Curtis Lazar.
9:36 of 2nd period - Goal by Curtis Lazar - Icehogs : 2 - Wolves : 0.
9:37 of 2nd period - Andrew Mangiapane wins face-off versus Antti Suomela in neutral zone.
10:56 of 2nd period - Slapshot by Fredrik Olofsson.
10:56 of 2nd period - Stopped by Mark Visentin without a rebound.
10:57 of 2nd period - Andrew Mangiapane wins face-off versus Jesper Boqvist in Icehogs zone.
11:36 of 2nd period - Penalty to Jalen Chatfield is over, Jalen Chatfield is back on ice.
11:56 of 2nd period - Slapshot by Jeremy Davies.
11:56 of 2nd period - Stopped by Ebbe Siönäs with a rebound.
11:58 of 2nd period - Slapshot by Calle Andersson.
11:58 of 2nd period - Stopped by Ebbe Siönäs without a rebound.
11:59 of 2nd period - Michael Chaput wins face-off versus Jesper Boqvist in Wolves zone.
12:08 of 2nd period - Wrist shot by Michael Chaput.
12:08 of 2nd period - Stopped by Ebbe Siönäs with a rebound.
12:10 of 2nd period - Snap shot by Mike Reilly.
12:10 of 2nd period - Stopped by Ebbe Siönäs without a rebound.
12:11 of 2nd period - Jake Evans wins face-off versus Frederik Gauthier in Wolves zone.
13:36 of 2nd period - Wade Allison is hit by Michael Chaput.
14:22 of 2nd period - Snap shot by Mikhail Grigorenko.
14:22 of 2nd period - Shot Blocked by Matthew Kiersted.
15:20 of 2nd period - Andrew Mangiapane is hit by Jesper Boqvist and loses puck.
15:27 of 2nd period - Slapshot by Patrick Sieloff.
15:27 of 2nd period - Deflect By Andrew Mangiapane.
15:27 of 2nd period - Stopped by Ebbe Siönäs with a rebound.
15:41 of 2nd period - Wrist shot by Liam O'Brien.
15:41 of 2nd period - Shot Misses the Net.
15:43 of 2nd period - Snap shot by Liam O'Brien.
15:43 of 2nd period - Deflect By Tanner Richard.
15:43 of 2nd period - Shot Misses the Net.
15:43 of 2nd period - Puck is out of play.
15:44 of 2nd period - Tanner Richard wins face-off versus Antti Suomela in Icehogs zone.
16:09 of 2nd period - Hayden Hodgson is hit by Mike Reilly and loses puck.
17:19 of 2nd period - Snap shot by Myles Bell.
17:19 of 2nd period - Shot Blocked by Samuel Girard.
17:23 of 2nd period - Slapshot by Dillon Dube.
17:23 of 2nd period - Stopped by Ebbe Siönäs with a rebound.
17:27 of 2nd period - Backhand shot by Myles Bell.
17:27 of 2nd period - Shot Misses the Net.
17:29 of 2nd period - Snap shot by Nikita Scherbak.
17:29 of 2nd period - Shot Blocked by Dylan Coghlan.
17:29 of 2nd period - Dylan Coghlan from Wolves is injured at 17:29 of 2nd period (Sprained Right Knee).
17:30 of 2nd period - Frederik Gauthier wins face-off versus Antti Suomela in Wolves zone.
17:45 of 2nd period - Nick Mattson is hit by Thomas Spelling and loses puck.
18:19 of 2nd period - Snap shot by Nikita Scherbak.
18:19 of 2nd period - Stopped by Ebbe Siönäs without a rebound.
18:20 of 2nd period - Dillon Dube wins face-off versus Antti Suomela in Wolves zone.
18:45 of 2nd period - Frederik Gauthier is hit by Jake Evans and loses puck.
18:52 of 2nd period - Snap shot by Wade Allison.
18:52 of 2nd period - Shot Misses the Net.
18:55 of 2nd period - Icing by Duncan Siemens.
18:56 of 2nd period - Andrew Mangiapane wins face-off versus Jake Evans in Icehogs zone.
19:55 of 2nd period - Snap shot by Mike Amadio.
19:55 of 2nd period - Shot Misses the Net.
Goals for this period are 2 for Icehogs vs 0 for Wolves.
Shots for this period are 13 for Icehogs vs 6 for Wolves.

3rd period


0:01 of 3rd period - Tanner Richard wins face-off versus Eric Robinson in neutral zone.
0:26 of 3rd period - Wade Allison is hit by Mike Reilly and loses puck.
1:00 of 3rd period - Slapshot by Samuel Girard.
1:00 of 3rd period - Stopped by Mark Visentin without a rebound.
1:01 of 3rd period - Antti Suomela wins face-off versus Frederik Gauthier in Icehogs zone.
1:27 of 3rd period - Frederik Gauthier is hit by Jakub Zboril and loses puck.
2:38 of 3rd period - Snap shot by Nikita Scherbak.
2:38 of 3rd period - Deflect By Myles Bell.
2:38 of 3rd period - Shot Misses the Net.
2:38 of 3rd period - Puck is out of play.
2:39 of 3rd period - Mikhail Grigorenko wins face-off versus Jake Evans in Wolves zone.
2:50 of 3rd period - Snap shot by Jake Evans.
2:50 of 3rd period - Stopped by Mark Visentin without a rebound.
2:51 of 3rd period - Antti Suomela wins face-off versus Tanner Richard in Icehogs zone.
2:58 of 3rd period - Mike Reilly is hit by Antti Suomela and loses puck.
3:19 of 3rd period - Snap shot by Jake Evans.
3:19 of 3rd period - Deflect By Mike Reilly.
3:19 of 3rd period - Stopped by Mark Visentin without a rebound.
3:20 of 3rd period - Frederik Gauthier wins face-off versus Jake Evans in Icehogs zone.
3:26 of 3rd period - Duncan Siemens is hit by Jalen Chatfield and loses puck.
3:29 of 3rd period - Minor Penalty to Jake Evans for Tripping.
3:30 of 3rd period - Antti Suomela wins face-off versus Frederik Gauthier in Wolves zone.
3:49 of 3rd period - Eric Robinson is hit by Nick Mattson and loses puck.
4:18 of 3rd period - Backhand shot by Jesper Boqvist.
4:18 of 3rd period - Deflect By Frederik Gauthier.
4:18 of 3rd period - Stopped by Mark Visentin without a rebound.
4:19 of 3rd period - Jesper Boqvist wins face-off versus Tanner Richard in Icehogs zone.
4:20 of 3rd period - Snap shot by Samuel Girard.
4:20 of 3rd period - Deflect By Jesper Boqvist.
4:20 of 3rd period - Stopped by Mark Visentin with a rebound.
4:28 of 3rd period - Wrist shot by Mikhail Grigorenko.
4:28 of 3rd period - Stopped by Ebbe Siönäs with a rebound.
4:30 of 3rd period - Slapshot by Tanner Richard.
4:30 of 3rd period - Goal by Tanner Richard - Icehogs : 3 - Wolves : 0.
4:31 of 3rd period - Antti Suomela wins face-off versus Frederik Gauthier in neutral zone.
4:39 of 3rd period - Wrist shot by Nick Mattson.
4:39 of 3rd period - Deflect By Andrew Mangiapane.
4:39 of 3rd period - Shot Hit the Post.
4:39 of 3rd period - Puck is out of play.
4:40 of 3rd period - Frederik Gauthier wins face-off versus Antti Suomela in Wolves zone.
4:41 of 3rd period - Wrist shot by Andrew Mangiapane.
4:41 of 3rd period - Stopped by Ebbe Siönäs with a rebound.
4:45 of 3rd period - Snap shot by Mike Amadio.
4:45 of 3rd period - Stopped by Ebbe Siönäs without a rebound.
4:46 of 3rd period - Tanner Richard wins face-off versus Antti Suomela in Wolves zone.
5:26 of 3rd period - Jake Evans is hit by Andrew Mangiapane.
5:47 of 3rd period - Icing by Nick Paul.
5:48 of 3rd period - Michael Chaput wins face-off versus Antti Suomela in Icehogs zone.
5:48 of 3rd period - Michael Chaput is hit by Jakub Zboril.
5:54 of 3rd period - Snap shot by Thomas Spelling.
5:54 of 3rd period - Stopped by Mark Visentin without a rebound.
5:55 of 3rd period - Curtis Lazar wins face-off versus Antti Suomela in Icehogs zone.
5:55 of 3rd period - Curtis Lazar is hit by Antti Suomela.
5:58 of 3rd period - Icing by Mikhail Grigorenko.
5:59 of 3rd period - Antti Suomela wins face-off versus Tanner Richard in Icehogs zone.
6:00 of 3rd period - Snap shot by Thomas Spelling.
6:00 of 3rd period - Shot Misses the Net.
6:08 of 3rd period - Slapshot by Tanner Richard.
6:08 of 3rd period - Shot Misses the Net.
6:15 of 3rd period - Minor Penalty to Thomas Spelling for Roughing.
6:16 of 3rd period - Antti Suomela wins face-off versus Andrew Mangiapane in Wolves zone.
6:26 of 3rd period - Slapshot by Frederik Gauthier.
6:26 of 3rd period - Stopped by Ebbe Siönäs with a rebound.
6:28 of 3rd period - Snap shot by Andrew Mangiapane.
6:28 of 3rd period - Stopped by Ebbe Siönäs without a rebound.
6:29 of 3rd period - Antti Suomela wins face-off versus Frederik Gauthier in Wolves zone.
6:58 of 3rd period - Jalen Chatfield is hit by Duncan Siemens and loses puck.
8:15 of 3rd period - Penalty to Thomas Spelling is over, Thomas Spelling is back on ice.
8:26 of 3rd period - Off-side.
8:27 of 3rd period - Jake Evans wins face-off versus Dillon Dube in neutral zone.
8:30 of 3rd period - Myles Bell is hit by Hayden Hodgson and loses puck.
8:39 of 3rd period - Jeremy Davies is hit by Jalen Chatfield.
8:52 of 3rd period - Off-side.
8:53 of 3rd period - Michael Chaput wins face-off versus Liam O'Brien in neutral zone.
9:20 of 3rd period - Patrick Sieloff is hit by Kyle Capobianco and loses puck.
10:02 of 3rd period - Nick Mattson is hit by Fredrik Olofsson and loses puck.
10:23 of 3rd period - Liam O'Brien is hit by Nick Mattson and loses puck.
11:25 of 3rd period - Off-side.
11:26 of 3rd period - Michael Chaput wins face-off versus Liam O'Brien in neutral zone.
11:34 of 3rd period - Michael Chaput is hit by Stelio Mattheos and loses puck.
11:51 of 3rd period - Nick Paul is hit by Jake Evans and loses puck.
11:56 of 3rd period - Snap shot by Jake Evans.
11:56 of 3rd period - Goal by Jake Evans - Icehogs : 3 - Wolves : 1.
11:57 of 3rd period - Frederik Gauthier wins face-off versus Antti Suomela in neutral zone.
12:06 of 3rd period - Snap shot by Mike Amadio.
12:06 of 3rd period - Shot Hit the Post.
13:30 of 3rd period - Slapshot by Jalen Chatfield.
13:30 of 3rd period - Shot Blocked by Patrick Sieloff.
13:48 of 3rd period - Snap shot by Jake Evans.
13:48 of 3rd period - Stopped by Mark Visentin with a rebound.
13:50 of 3rd period - Snap shot by Wade Allison.
13:50 of 3rd period - Stopped by Mark Visentin with a rebound.
13:52 of 3rd period - Slapshot by Wade Allison.
13:52 of 3rd period - Shot Misses the Net.
13:54 of 3rd period - Snap shot by Jake Evans.
13:54 of 3rd period - Shot Blocked by Duncan Siemens.
14:09 of 3rd period - Icing by Wade Allison.
14:10 of 3rd period - Antti Suomela wins face-off versus Michael Chaput in Wolves zone.
14:17 of 3rd period - Wrist shot by Michael Chaput.
14:17 of 3rd period - Stopped by Ebbe Siönäs with a rebound.
14:58 of 3rd period - Slapshot by Antti Suomela.
14:58 of 3rd period - Goal by Antti Suomela - Icehogs : 3 - Wolves : 2.
14:59 of 3rd period - Frederik Gauthier wins face-off versus Jake Evans in neutral zone.
15:33 of 3rd period - Snap shot by Tanner Richard.
15:33 of 3rd period - Stopped by Ebbe Siönäs with a rebound.
15:36 of 3rd period - Icing by Samuel Girard.
15:37 of 3rd period - Michael Chaput wins face-off versus Jake Evans in Wolves zone.
15:44 of 3rd period - Snap shot by Michael Chaput.
15:44 of 3rd period - Shot Blocked by Samuel Girard.
15:46 of 3rd period - Wrist shot by Nick Paul.
15:46 of 3rd period - Stopped by Ebbe Siönäs with a rebound.
15:48 of 3rd period - Snap shot by Kevin Fiala.
15:48 of 3rd period - Shot Misses the Net.
15:50 of 3rd period - Snap shot by Nick Paul.
15:50 of 3rd period - Stopped by Ebbe Siönäs with a rebound.
15:52 of 3rd period - Snap shot by Patrick Sieloff.
15:52 of 3rd period - Deflect By Michael Chaput.
15:52 of 3rd period - Shot Misses the Net.
15:52 of 3rd period - Puck is out of play.
15:53 of 3rd period - Andrew Mangiapane wins face-off versus Jesper Boqvist in Wolves zone.
16:06 of 3rd period - Slapshot by Jakub Zboril.
16:06 of 3rd period - Stopped by Mark Visentin with a rebound.
16:18 of 3rd period - Wrist shot by Antti Suomela.
16:18 of 3rd period - Stopped by Mark Visentin with a rebound.
16:20 of 3rd period - Snap shot by Samuel Girard.
16:20 of 3rd period - Stopped by Mark Visentin with a rebound.
16:22 of 3rd period - Slapshot by Matthew Kiersted.
16:22 of 3rd period - Deflect By Mike Amadio.
16:22 of 3rd period - Stopped by Mark Visentin without a rebound.
16:23 of 3rd period - Antti Suomela wins face-off versus Michael Chaput in Icehogs zone.
17:01 of 3rd period - Slapshot by Samuel Girard.
17:01 of 3rd period - Stopped by Mark Visentin with a rebound.
17:14 of 3rd period - Andrew Mangiapane is hit by Jake Evans and loses puck.
17:35 of 3rd period - Icing by Patrick Sieloff.
17:36 of 3rd period - Antti Suomela wins face-off versus Dillon Dube in Icehogs zone.
18:30 of 3rd period - Slapshot by Michael Chaput.
18:30 of 3rd period - Stopped by Ebbe Siönäs with a rebound.
18:46 of 3rd period - Wolves, Ebbe Siönäs is pulled from the net.
18:46 of 3rd period - Backhand shot by Thomas Spelling.
18:46 of 3rd period - Stopped by Mark Visentin without a rebound.
18:47 of 3rd period - Paul Maurice call a timeout for Wolves.
18:47 of 3rd period - Antti Suomela wins face-off versus Frederik Gauthier in Icehogs zone.
18:48 of 3rd period - Wrist shot by Thomas Spelling.
18:48 of 3rd period - Stopped by Mark Visentin without a rebound.
18:49 of 3rd period - Frederik Gauthier wins face-off versus Thomas Spelling in Icehogs zone.
19:08 of 3rd period - Wrist shot by Nick Mattson.
19:08 of 3rd period - Shot Misses the Net.
19:20 of 3rd period - Snap shot by Thomas Spelling.
19:20 of 3rd period - Stopped by Mark Visentin without a rebound.
19:21 of 3rd period - Antti Suomela wins face-off versus Frederik Gauthier in Icehogs zone.
19:44 of 3rd period - Snap shot by Andrew Mangiapane.
19:44 of 3rd period - Shot Misses the Net.
19:46 of 3rd period - Wrist shot by Frederik Gauthier.
19:46 of 3rd period - Goal by Frederik Gauthier - Icehogs : 4 - Wolves : 2.
19:46 of 3rd period - Ebbe Siönäs from Wolves was sent back in the game.
19:47 of 3rd period - Jesper Boqvist wins face-off versus Michael Chaput in neutral zone.
Goals for this period are 2 for Icehogs vs 2 for Wolves.
Shots for this period are 12 for Icehogs vs 18 for Wolves.